Map: Lightshade LE

Players

MarineLorD - Winner!

  • Race: Terran Terran
  • League: Master

SortOf

  • Race: Zerg Zerg

Event: DreamHack SC2 Masters 2021 Winter

VOD

Have the link to the VOD?

Description

Time

  • Played on: Oct. 5, 2021, 2:44 p.m.
  • Length: 10:27

All games in this series

Show
View Real Time Build Order
Export as new Build Order

MarineLorD Terran - Winner!

Build Orders: Reaper Expand, Hellion Banshee 

Get SALT Encoding   

  12  0:00  SCV  
  13  0:12  SCV  
  14  0:17  Supply Depot  
  14  0:24  SCV  
  15  0:38  SCV  
  15  0:40  Barracks  
  16  0:43  Refinery  
  16  0:50  SCV  
  17  1:03  SCV  
  18  1:15  SCV  
  19  1:27  Orbital Command, Reaper  
  20  1:39  Command Center  
  20  1:48  Supply Depot  
  20  1:52  SCV  
  21  1:59  Marine  
  22  2:04  SCV  
  23  2:11  Factory  
  23  2:16  SCV  
  23  2:22  Barracks Reactor  
  24  2:29  Engineering Bay, SCV  
  25  2:41  SCV  
  26  2:46  Command Center  
  26  2:52  Orbital Command  
  26  2:53  SCV  
  27  3:04  Starport  
  27  3:06  Refinery  
  27  3:07  SCV  
  28  3:15  Hellion  
  28  3:17  Hellion  
  28  3:19  SCV  
  33  3:22  SCV  
  33  3:25  Barracks Tech Lab  
  34  3:31  SCV  
  34  3:34  SCV  
  36  3:36  Hellion  
  36  3:39  Hellion  
  40  3:43  SCV  
  41  3:50  SCV  
  41  3:55  Banshee, SCV, Cloaking Field  
  43  4:01  Hellion x2  
  50  4:05  Supply Depot, SCV  
  50  4:07  Orbital Command  
  51  4:10  SCV  
  51  4:17  Supply Depot, SCV  
  53  4:18  Barracks Tech Lab  
  53  4:22  SCV  
  56  4:24  Hellion  
  56  4:25  Hellion  
  56  4:29  SCV  
  59  4:32  Supply Depot  
  59  4:33  SCV  
  59  4:34  SCV  
  61  4:41  SCV  
  61  4:42  Marine  
  61  4:43  Banshee, Stimpack  
  61  4:45  SCV  
  67  4:48  SCV  
  68  4:53  SCV  
  68  4:57  Orbital Command  
  69  5:00  SCV  
  69  5:01  Marine  
  69  5:02  Factory Reactor, Barracks  
  69  5:04  Barracks  
  69  5:05  SCV  
  72  5:12  SCV  
  71  5:17  SCV  
  71  5:19  Marine  
  71  5:21  Engineering Bay  
  71  5:22  Engineering Bay  
  71  5:24  SCV x2, Refinery  
  71  5:25  Refinery  
  73  5:29  SCV  
  74  5:36  SCV  
  74  5:37  SCV, Marine  
  74  5:41  SCV  
  74  5:42  Supply Depot  
  78  5:43  Supply Depot  
  78  5:45  Supply Depot, Starport Reactor  
  78  5:48  SCV  
  78  5:49  SCV  
  80  5:51  Terran Infantry Armor Level 1  
  80  5:53  SCV  
  80  5:54  Terran Infantry Weapons Level 1  
  80  5:55  Marine  
  80  5:56  Marine x2  
  84  5:59  Marine  
  84  6:03  Marine  
  84  6:04  SCV x2  
  88  6:06  SCV  
  89  6:13  Marine  
  89  6:14  Marine x2  
  89  6:16  SCV x2  
  89  6:17  Marine  
  95  6:18  Supply Depot, Barracks  
  95  6:19  Supply Depot, Barracks  
  95  6:21  Marine  
  95  6:22  Supply Depot, Refinery  
  95  6:25  Supply Depot  
  96  6:27  SCV  
  96  6:28  SCV  
  96  6:30  Marine  
  96  6:31  Marine x2  
  96  6:32  SCV, Siege Tank  
  105  6:33  Medivac x2  
  105  6:34  Combat Shield  
  109  6:40  Marine x2  
  109  6:45  SCV x2  
  113  6:48  Marine  
  113  6:49  Marine x2  
  116  6:56  Factory, Armory  
  116  6:57  Marine x2  
  118  7:05  Medivac x2  
  118  7:06  Siege Tank, Marine  
  118  7:07  Marine x2  
  129  7:09  Barracks Reactor  
  129  7:15  Marine x2  
  129  7:22  Barracks Reactor  
  130  7:24  Marine  
  130  7:25  Command Center, Marine x2  
  133  7:33  Marine x2  
  127  7:39  Siege Tank  
  127  7:41  Factory Tech Lab  
  127  7:42  Marine  
  127  7:43  Marine x2  
  130  7:48  Marine x2  
  130  7:51  Marine x2  
  132  7:55  Bunker  
  134  7:59  Bunker, Marine  
  134  8:00  Marine  
  134  8:01  Terran Infantry Armor Level 2, Terran Infantry Weapons Level 2, Marine  
  134  8:02  Marine x2  
  137  8:06  Marine x2  
  137  8:09  Marine x2  
  141  8:24  Marine x3  
  141  8:25  Marine x4  
  141  8:26  Marine x2  
  131  8:32  Siege Tank  
  115  8:42  Marine x4  
  115  8:43  Marine x3  
  115  8:44  Marine x2  
  115  8:45  Medivac x2  
  115  8:48  SCV x2  
  126  8:50  SCV  
  120  9:00  SCV x2, Marine x5  
  120  9:01  Marine x2  
  120  9:02  Marine x2, SCV, Siege Tank  
  131  9:15  Medivac x2, Missile Turret  
  135  9:17  Marine x2  
  135  9:18  Marine x3  
  135  9:20  Supply Depot  
  135  9:21  Supply Depot  
  140  9:24  Barracks x2  
  140  9:25  Barracks  
  140  9:27  Marine  
  140  9:29  Marine  
  140  9:38  Planetary Fortress  
  140  9:41  Marine x7  
  140  9:45  Marine  
  146  9:47  Marine  
  145  9:59  Marine x7  
  145  10:03  Marine  
  145  10:04  Marine  
  143  10:17  Command Center, Barracks Tech Lab x3  
  156  10:24  Refinery x2  
Show
View Real Time Build Order
Export as new Build Order

SortOf Zerg 

Build Orders: Hatch First 

Get SALT Encoding   

  12  0:00  Drone  
  13  0:13  Overlord  
  13  0:17  Drone  
  14  0:31  Drone x2  
  16  0:47  Hatchery  
  15  0:50  Drone  
  15  0:55  Drone  
  17  0:58  Drone  
  18  1:10  Extractor  
  17  1:15  Spawning Pool  
  17  1:17  Drone  
  17  1:22  Drone  
  18  1:29  Drone  
  19  1:40  Drone  
  20  1:51  Drone  
  21  2:02  Zergling x2, Queen x2  
  21  2:03  Zergling x2  
  27  2:12  Zergling x2  
  27  2:13  Overlord  
  28  2:21  Extractor  
  27  2:27  Hatchery  
  27  2:29  Drone  
  28  2:35  Drone x2  
  28  2:36  Drone  
  30  2:44  Queen  
  30  2:48  Drone  
  33  2:52  Zergling x2  
  33  2:54  Metabolic Boost  
  34  3:00  Overlord  
  34  3:04  Drone  
  35  3:05  Drone  
  36  3:15  Overlord  
  36  3:18  Queen  
  36  3:19  Drone x2  
  40  3:25  Queen  
  42  3:29  Drone  
  42  3:32  Drone  
  44  3:40  Drone x5  
  49  3:46  Queen  
  51  3:50  Zergling x4  
  51  3:53  Drone  
  54  3:57  Queen  
  56  4:03  Drone x2  
  56  4:04  Overlord  
  56  4:07  Overlord  
  58  4:11  Overlord  
  58  4:14  Overlord  
  58  4:21  Overlord  
  58  4:26  Baneling Nest, Drone x4  
  58  4:28  Drone  
  58  4:29  Drone  
  63  4:36  Drone x2  
  63  4:37  Zergling x10  
  70  4:42  Drone x3  
  73  4:51  Extractor, Drone  
  73  4:52  Drone x3  
  76  4:55  Spore Crawler x2  
  76  4:56  Spore Crawler  
  73  5:03  Drone  
  73  5:05  Lair  
  68  5:14  Zergling x2  
  68  5:15  Zergling x6  
  68  5:17  Drone x8  
  76  5:24  Zergling x2  
  76  5:26  Drone x3  
  78  5:29  Queen  
  78  5:36  Drone  
  78  5:37  Roach Warren, Drone x2  
  78  5:41  Drone  
  80  5:43  Drone  
  80  5:44  Drone  
  80  5:48  Extractor x2  
  80  5:50  Evolution Chamber, Drone x4  
  80  5:51  Evolution Chamber  
  80  5:53  Drone  
  80  5:54  Drone x2  
  80  5:56  Extractor  
  84  5:59  Queen  
  84  6:03  Overseer  
  86  6:05  Zergling x8  
  86  6:08  Drone  
  86  6:09  Drone  
  89  6:17  Zerg Ground Armor Level 1  
  89  6:18  Zerg Missile Weapons Level 1  
  89  6:26  Drone x2  
  89  6:31  Glial Reconstitution  
  89  6:32  Overlord x6  
  90  6:42  Roach x3  
  96  6:48  Overlord  
  96  6:51  Roach x6  
  96  6:53  Roach  
  110  7:00  Roach x4  
  118  7:06  Roach x2  
  122  7:12  Extractor  
  122  7:13  Roach x2  
  122  7:14  Roach x3  
  131  7:17  Overlord x2  
  131  7:25  Hatchery  
  131  7:27  Ravager x3  
  133  7:37  Roach x6  
  133  7:42  Roach x2  
  149  7:47  Roach  
  152  7:51  Overlord, Ravager  
  152  7:52  Overlord  
  152  7:57  Ravager  
  152  8:01  Zergling x18  
  152  8:02  Zergling x2  
  152  8:03  Overseer  
  154  8:05  Ravager  
  154  8:10  Queen  
  154  8:12  Roach x3  
  159  8:14  Ravager  
  159  8:18  Zergling x2  
  155  8:26  Roach x6  
  145  8:29  Roach x2  
  145  8:32  Roach  
  136  8:41  Roach x3  
  133  8:45  Roach  
  118  8:50  Roach x2  
  115  8:56  Roach  
  115  8:57  Overseer x2  
  107  9:05  Roach x5  
  107  9:06  Roach  
  107  9:09  Queen  
  114  9:10  Queen  
  114  9:14  Overseer  
  114  9:15  Roach  
  114  9:16  Roach  
  119  9:17  Ravager x2  
  119  9:18  Ravager  
  119  9:21  Roach  
  119  9:24  Zergling x6, Ravager  
  125  9:30  Roach  
  130  9:34  Roach x4  
  130  9:37  Roach  
  137  9:45  Roach x5  
  137  9:52  Roach x3  
  133  9:59  Roach x3  
  134  10:00  Roach  
  134  10:03  Roach  
  134  10:06  Roach x2  
  127  10:13  Ravager  
  127  10:14  Ravager  

Tags
 
Add a new tag
Caveats
  • Supply blocks, unpowered buildings, or Contaminate may cause inaccurate times.
  • Supply counts are checked every 10 seconds.